 Dungeon Crawl Stone Soup version 0.28-a0-245-g639a1a48b9 (webtiles) character file.

Game seed: 13365316657725936083

320 zdrol the Cudgeller (level 6, -10/55 HPs)
             Began as a Minotaur Monk on Aug 24, 2021.
             Mangled by an iguana (12 damage)
             ... on level 4 of the Dungeon.
             The game lasted 00:17:12 (4061 turns).

zdrol the Cudgeller (Minotaur Monk)                 Turns: 4061, Time: 00:17:13

Health: -10/55     AC:  3    Str: 17    XL:     6   Next: 22%
Magic:  5/5        EV: 13    Int:  5    God:
Gold:   159        SH:  0    Dex: 13    Spells: 5/5 levels left

rFire   . . .      SeeInvis .   a - +0 mace
rCold   . . .      Faith    .   (no shield)
rNeg    . . .      Spirit   .   b - +0 robe
rPois   .          Reflect  .   (helmet restricted)
rElec   .          Harm     .   s - +0 cloak
rCorr   .          Rampage  .   (no gloves)
Will    +....                   (no boots)
Stlth   ++........              (no amulet)
HPRegen 0.18/turn               (no ring)
MPRegen 0.09/turn               (no ring)

@: mighty
A: horns 2, retaliatory headbutt, dopey 1, strong-willed 1
a: no special abilities


You were on level 4 of the Dungeon.
You visited 1 branch of the dungeon, and saw 4 of its levels.

You collected 159 gold pieces.

Inventory:

Hand Weapons
 a - a +0 mace (weapon)
 r - a +0 flail
Missiles
 c - 4 atropa-tipped darts (quivered)
 p - 17 poisoned darts
Armour
 b - a +0 robe (worn)
 s - a +0 cloak (worn)
Scrolls
 d - a scroll of vulnerability
 e - 5 scrolls of teleportation
 k - a scroll of holy word {unknown}
 l - a scroll of torment {unknown}
 m - 2 scrolls of enchant armour {unknown}
 n - 2 scrolls of enchant weapon
 t - 4 scrolls of fog
Potions
 f - a potion of brilliance
 g - a potion of flight
 h - a potion of haste
 i - a potion of magic
 j - 2 potions of might


   Skills:
 + Level 4.8 Fighting
 + Level 6.6 Maces & Flails
 + Level 0.9 Throwing
 + Level 4.1 Dodging
 + Level 2.5 Stealth


You had 5 spell levels left.
You didn't know any spells.
Your spell library contained the following spells:

 Spells                   Type           Power      Damage    Failure   Level
 Sting                    Tmut/Pois      0%         1d3       47%         1
 Poisonous Vapours        Pois/Air       0%         N/A       63%         2
 Call Canine Familiar     Summ           0%         N/A       85%         3
 Portal Projectile        Hex/Tloc       0%         N/A       85%         3
 Leda's Liquefaction      Hex/Erth       0%         N/A       99%         4
 Olgreb's Toxic Radiance  Pois           0%         N/A       99%         4


Dungeon Overview and Level Annotations

Branches:
Dungeon (4/15)
 Temple: D:4-7

Altars:
Okawaru

Shops:
D:2 !   D:4 [


Innate Abilities, Weirdness & Mutations

You have a pair of horns on your head.
You reflexively headbutt those who attack you in melee.
You are dopey. (Int -2)
You are strong-willed. (Will+)


Message History

The iguana bites you.
The gnoll shaman hits you with a +0 club.
You sock the gnoll shaman! You headbutt the gnoll shaman.
You kill the gnoll shaman!
The iguana bites you!
You sock the gnoll! Your headbutt misses the gnoll.
The gnoll is heavily wounded.
The gnoll misses you. The gnoll barely misses you.
The iguana closely misses you. You furiously retaliate!
You headbutt the iguana, but do no damage.
The gnoll closely misses you.
You hit the gnoll but do no damage.
You headbutt the gnoll, but do no damage.
The gnoll is heavily wounded.
The gnoll hits you with a +0 whip.
* * * LOW HITPOINT WARNING * * *
The gnoll closely misses you. The iguana closely misses you.
The gnoll hits you with a +0 whip.
* * * LOW HITPOINT WARNING * * *
You feel very mighty all of a sudden. The gnoll hits you but does no damage.
The iguana misses you. The gnoll hits you with a +0 whip.
* * * LOW HITPOINT WARNING * * *
You sock the gnoll!
You kill the gnoll!
The gnoll closely misses you. The iguana bites you.
* * * LOW HITPOINT WARNING * * *
Throw: 5 darts (atropa)
Press: ? - help, Q - select action, (/) - cycle Shift-Dir - straight line, f/p - gnoll
Aim: a gnoll, wielding a +0 spear (63% to hit, chance to blind on hit: 100%)
You throw an atropa-tipped dart. The atropa-tipped dart hits the gnoll.
The gnoll appears confused.
The iguana barely misses you.
You hit the iguana.
The iguana is moderately wounded.
The gnoll seems less confused.
The gnoll hits you from afar with a +0 spear.
* * * LOW HITPOINT WARNING * * *
The iguana bites you!
You die...

.. ..... . .#
#...#$# .###.#
#####...#.##.#
......
l.......:>##.#
.###.# #(# #.#
.....# #.#(# #.#
.######. #.#g# #.#
........ #.#)# #.#
.#######
#.#@####.########
.##
#.l.............#
..#
#...####.#####.##
#.######## #...#
#.# #.# #.....<..#
#...# #.# #.#
.........# #...#
#.# #.#
#........#####...#
#.# #.#
#................#
#.# #.#
.........######..#
#.# #.#


You could see an iguana and a gnoll (blind).

Vanquished Creatures
  2 scorpions (D:4)
  A gnoll shaman (D:4)
  A scorpion zombie (D:3)
  4 adders
  2 gnolls (D:4)
  An ufetubus (D:4)
  An adder skeleton (D:4)
  A worm (D:2)
  3 dart slugs
  7 orcs (D:3)
  4 ball pythons
  4 bats
  6 endoplasms
  A giant cockroach (D:2)
  5 goblins
  6 hobgoblins
  7 jackals (D:2)
  5 quokkas (D:3)
  4 frilled lizards
  2 kobolds
  6 rats
73 creatures vanquished.

Notes
Turn   | Place    | Note
-------+----------+-------------------------------------------
     0 | D:1      | zdrol the Minotaur Monk began the quest for the Orb.
     0 | D:1      | Reached XP level 1. HP: 19/19 MP: 0/0
   161 | D:1      | Reached XP level 2. HP: 17/27 MP: 1/1
   388 | D:1      | Reached skill level 4 in Maces & Flails
   593 | D:1      | Found a faded altar of an unknown god.
  1146 | D:2      | Reached XP level 3. HP: 31/33 MP: 2/2
  1416 | D:2      | Found Yrphymp's Distillery.
  2192 | D:3      | Reached XP level 4. HP: 40/40 MP: 3/3
  2317 | D:3      | Reached skill level 5 in Maces & Flails
  2950 | D:4      | Found Itayri's Armour Shop.
  3113 | D:4      | Reached XP level 5. HP: 47/47 MP: 4/4
  3213 | D:4      | Reached skill level 6 in Maces & Flails
  3411 | D:4      | Reached XP level 6. HP: 9/53 MP: 5/5
  3411 | D:4      | Gained mutation: You are strong-willed. (Will+) [potion of
                  | mutation]
  3411 | D:4      | Gained mutation: You are dopey. (Int -2) [potion of
                  | mutation]
  3412 | D:4      | HP: 2/53 [poisoned by a scorpion]
  3416 | D:4      | Found an iron altar of Okawaru.
  4061 | D:4      | HP: 2/55 [gnoll (6)]
  4061 | D:4      | Mangled by an iguana

Illustrated notes

Levels and vault maps discovered:
D:1:      evilmike_arrival_hilbert_curve, layout_basic,
          ebering_ecumenical_altar_mist, glass_columns_a
D:2:      layout_loops_ring, serial_rivers, chequers_serial_rivers_micro_a,
          chequers_serial_rivers_room_b, chequers_serial_rivers_micro_d,
          chequers_serial_rivers_room_b, chequers_serial_rivers_small_3,
          chequers_serial_rivers_small_b, serial_shops, shop,
          due_unseen_surprise
D:3:      layout_basic, kennysheep_minor_cross, roderic_lattice_a,
          minmay_misc_feat_room, minmay_circle_x
D:4:      layout_basic, mainiacjoe_overflow_six_doors_small, okawaru_gym_becter,
          serial_shops, shop_statue

Skill      XL: |  1  2  3  4  5 |
---------------+----------------+-----
Maces & Flails | 4 5 6 |  6.6
Fighting       | 4 |  4.8
Stealth        | 2 |  2.5
Dodging        | 4 |  4.1
Throwing       | |  0.9

Action                   |  1- 3 |  4- 6 || total
-------------------------+-------+-------++-------
Melee: Mace              |    93 |    74 ||   167
       Headbutt          |    12 |    13 ||    25
Throw: Dart              |       |    15 ||    15
  Use: Scroll            |     6 |     3 ||     9
       Potion            |       |     6 ||     6
 Stab: Sleeping          |     2 |     1 ||     3
       Invisible         |       |     3 ||     3
Armor: Robe              |    18 |    10 ||    28
Dodge: Dodged            |    70 |    53 ||   123

Table legend: (Time is in decaauts)
 A = Elapsed time spent in this place.
 B = Non-inter-level travel time spent in this place.
 C = Inter-level travel time spent in this place.
 D = Time resting spent in this place.
 E = Time spent auto-exploring this place.
 F = Levels seen in this place.
 G = Mean time per level.
                   A        B        C        D        E       F      G
               +--------+--------+--------+--------+--------+-----+--------+
         Total |   4102 |   4102 |      0 |    589 |   1731 |   4 | 1025.5 |
       Dungeon |   4102 |   4102 |      0 |    589 |   1731 |   4 | 1025.5 |
               +--------+--------+--------+--------+--------+-----+--------+

Top non-repeatable levels by time:
     D:4: 1150 daAuts
     D:3: 1028 daAuts
     D:1: 1025 daAuts
     D:2: 899 daAuts
